 Dungeon Sprint DCSS version 0.31.0-12-g77e489cdc1 (webtiles) character file.

Game seed: 7653716310220640756

18034 Heoruswealwe the Phalangite (level 12, 0/130 HPs)
             Began as a Minotaur Fighter on Feb 16, 2024.
             Was an Initiate of Gozag.
             Slain by a spark wasp (4 damage)
             ... in the Dungeon (Sprint IX: "|||||||||||||||||||||||||||||").
             The game lasted 00:24:35 (2999 turns).

Heoruswealwe the Phalangite (Minotaur Fighter)      Turns: 2999, Time: 00:24:37

Health: 0/130      AC: 25    Str: 26    XL:     12   Next: 24%
Magic:  11/11      EV: 11    Int:  8    God:    Gozag
Gold:   301        SH:  0    Dex: 13    Spells: 11/11 levels left

rFire   . . .        b - +3 glaive "Beuj" {drain, rElec rN+++ Will- Dex+3}
rCold   + . .        (shield currently unavailable)
rNeg    + + +        c - +0 storm dragon scales
rPois   .            g - +1 hat {Int+3}
rElec   +            h - +0 cloak
rCorr   .            f - +0 pair of gloves
SInv    .            e - +0 pair of boots {rampage}
Will    .....        (no amulet) Stlth
                     k - +2 ring of evasion
HPRegen 0.41/turn    j - ring of protection from cold
MPRegen 0.12/turn

%: no teleportation, rampage
@: no status effects
A: horns 2, retaliatory headbutt
a: Renounce Religion, Potion Petition, Call Merchant, Bribe Branch


You were in the Dungeon.
You worshipped Gozag.
Gozag was aware of your devotion.
You visited 1 branch You collected 7848 gold pieces.
You spent 3090 gold pieces at shops.
You paid 4457 gold pieces to Gozag.

Inventory:

Hand Weapons
 a - a +0 trident
 b - the +3 glaive "Beuj" (weapon) {drain, rElec rN+++ Will- Dex+3}
   (You bought it in a shop in the Dungeon)

   Dex+3:     It affects your dexterity (+3).
   rElec:     It insulates you from electricity.
   rN+++:     It renders you almost immune to negative energy.
   Will-:     It decreases your willpower.
Armour
 c - +0 storm dragon scales (worn)
 d - a +1 tower shield
 e - a +0 pair of boots of rampaging (worn)
 f - a +0 pair of gloves (worn)
 g - a +1 hat of intelligence (worn)
 h - a +0 cloak (worn)
Jewellery
 j - a ring of protection from cold (right hand)
 k - a +2 ring of evasion (left hand)
Wands
 r - a wand of roots (10)
 x - a wand of paralysis (2)
Scrolls
 m - 3 scrolls of blinking
 n - 3 scrolls of enchant armour
 o - 4 scrolls of enchant weapon
 p - 6 scrolls of identify
Potions
 i - 3 potions of berserk rage
 l - 8 potions of curing
 q - 2 potions of might
 s - a potion of haste
 t - a potion of mutation
Miscellaneous
 u - a phial of floods


   Skills:
 + Level 19.1 Fighting
 * Level 25.6 Polearms
 + Level 19.1 Armour
 - Level 3.6 Shields


You had 11 spell levels left.
You didn't know any spells.
Your spell library was empty.

Dungeon Overview and Level Annotations

Branches:
Dungeon (1/1)

Altars:
Cheibriados
Dithmenos
Elyvilon
Fedhas
Gozag
Hepliaklqana
Kikubaaqudgha
Makhleb
Nemelex Xobeh
Okawaru
Qazlal
Ru
Sif Muna
Trog
Uskayaw
Vehumet
Wu Jian
Xom
Yredelemnul
Zin
The Shining One
Jiyva
Lugonu

Shops:
D [([*(=*[*


Innate Abilities, Weirdness & Mutations

You have a pair of horns on your head.
You reflexively headbutt those who attack you in melee.


Message History

You reach to attack!
You slash the spark wasp! You drain the spark wasp.
The spark wasp is no longer distracted by gold.
The spark wasp is lightly wounded.
You hit the spark wasp but do no damage.
You drain the spark wasp.
You headbutt the spark wasp, but do no damage.
The spark wasp is moderately wounded.
The spark wasp is distracted by your dazzling golden aura.
You miss the spark wasp.
The spark wasp is no longer distracted by gold.
The spark wasp buzzes angrily.
You headbutt the spark wasp, but do no damage.
The spark wasp is moderately wounded.
The spark wasp stings you!
* * * LOW HITPOINT WARNING * * *
The spark wasp shocks you. You resist.
* * * LOW HITPOINT WARNING * * *
You hit the spark wasp.
The spark wasp is moderately wounded.
The spark wasp stings you but does no damage.
You miss the spark wasp. Your headbutt misses the spark wasp.
The spark wasp is moderately wounded.
The bat simulacrum is no longer distracted by gold.
The spark wasp stings you but does no damage.
You slash the spark wasp! You headbutt the spark wasp.
The spark wasp is heavily wounded.
The spark wasp stings you!
* * * LOW HITPOINT WARNING * * *
The spark wasp shocks you. You resist.
* * * LOW HITPOINT WARNING * * *
You closely miss the spark wasp.
The spark wasp is heavily wounded.
The spark wasp stings you but does no damage.
You slice the spark wasp!! Your headbutt misses the spark wasp.
The spark wasp is almost dead.
The spark wasp stings you!
* * * LOW HITPOINT WARNING * * *
The spark wasp shocks you. You resist.
You die...
Your body crumbles into a pile of gold.

▓▓▓▓▓▓▓▓▓▓▓▓▓▓▓▓▓▓▓▓▓▓▓▓
....ZQy@).......?.[[[.[[
▓▓▓▓▓▓▓▓▓▓▓▓▓▓▓▓▓▓▓▓▓▓▓▓▓▓▓▓▓▓▓▓▓
..........[...........[..........
▓▓▓▓▓▓▓▓▓▓▓▓▓▓▓▓▓▓▓▓▓▓▓▓▓▓▓▓▓▓▓▓▓
'.∩.∩.∩.∩.∩.∩....[[............[.
▓▓▓▓▓▓▓▓▓▓▓▓▓▓▓▓▓▓▓▓▓▓▓▓▓▓▓▓▓▓▓▓▓
.................................
▓▓▓▓▓▓▓▓▓▓▓▓▓▓▓▓▓▓▓▓▓▓▓▓▓▓▓▓▓▓▓▓▓
[[..'(=|.........'.........'.....


You could see a spark wasp (drained), a tengu warrior and a bat simulacrum.

Vanquished Creatures
  Gastronok (D)
  Erolcha (D)
  A catoblepas (D)
  A two-headed ogre (D)
  A boulder beetle (D)
  3 centaur warriors (D)
  A death knight (D)
  An orc high priest (D)
  An occultist (D)
  Sonja (D)
  7 orc knights (D)
  A cyclops (D)
  An ugly thing (D)
  A black mamba (D)
  2 cane toads (D)
  Psyche (D)
  A tyrant leech (D)
  A troll (D)
  4 blink frogs (D)
  2 wraiths (D)
  5 yaks (D)
  3 wyverns (D)
  3 vampire mosquitoes (D)
  A basilisk (D)
  A steam dragon (D)
  3 water moccasins (D)
  16 orc warriors (D)
  A laughing skull (D)
  A wolf (D)
  A centaur (D)
  3 bullfrogs (D)
  A scorpion (D)
  A killer bee (D)
  A howler monkey (D)
  4 orc priests (D)
  A sleepcap (D)
  2 orc wizards (D)
  An adder (D)
  A ribbon worm (D)
  9 orcs (D)
  A goblin (D)
  A quokka (D)
  A frilled lizard (D)
  2 kobolds (D)
97 creatures vanquished.

Notes
Turn   | Place    | Note
-------+----------+-------------------------------------------
     0 | D        | Heoruswealwe the Minotaur Fighter began the quest for the
                  | Orb.
     0 | D        | Reached XP level 1. HP: 19/19 MP: 0/0
    11 | D        | Reached skill level 3 in Polearms
    28 | D        | Noticed a sleepcap
    28 | D        | Noticed a scorpion
    28 | D        | Noticed a howler monkey
    35 | D        | Reached skill level 4 in Polearms
    35 | D        | Reached XP level 2. HP: 18/28 MP: 1/1
    44 | D        | Killed a howler monkey
    45 | D        | Reached skill level 5 in Fighting
    45 | D        | Reached skill level 6 in Polearms
    45 | D        | Reached skill level 5 in Armour
    45 | D        | Reached XP level 3. HP: 22/36 MP: 2/2
    47 | D        | Killed a scorpion
    48 | D        | Reached skill level 8 in Polearms
    48 | D        | Reached XP level 4. HP: 31/45 MP: 3/3
    53 | D        | Reached XP level 5. HP: 31/52 MP: 4/4
    59 | D        | Found a snail-covered altar of Cheibriados.
    59 | D        | Found a shadowy altar of Dithmenos.
    59 | D        | Found a white marble altar of Elyvilon.
    59 | D        | Found a blossoming altar of Fedhas.
    59 | D        | Found an opulent altar of Gozag.
    60 | D        | Found a hazy altar of Hepliaklqana.
    61 | D        | Found a viscous altar of Jiyva.
    62 | D        | Found an ancient bone altar of Kikubaaqudgha.
    63 | D        | Found a corrupted altar of Lugonu.
    64 | D        | Found a burning altar of Makhleb.
    65 | D        | Found a sparkling altar of Nemelex Xobeh.
    66 | D        | Found an iron altar of Okawaru.
    67 | D        | Became a worshipper of Gozag Ym Sagoz the Greedy
    68 | D        | Found a stormy altar of Qazlal.
    69 | D        | Found a sacrificial altar of Ru.
    70 | D        | Found a shimmering blue altar of Sif Muna.
    71 | D        | Found a bloodstained altar of Trog.
    72 | D        | Found a hide-covered altar of Uskayaw.
    73 | D        | Found a radiant altar of Vehumet.
    74 | D        | Found an ornate altar of the Wu Jian Council.
    75 | D        | Found a shimmering altar of Xom.
    76 | D        | Found a basalt altar of Yredelemnul.
    77 | D        | Found a glowing silver altar of Zin.
    78 | D        | Found a glowing golden altar of the Shining One.
   139 | D        | Noticed a vampire mosquito
   139 | D        | Noticed a centaur
   139 | D        | Noticed a wyvern
   139 | D        | Noticed a wraith
   139 | D        | Noticed an orc warrior
   145 | D        | Killed an orc warrior
   146 | D        | Reached skill level 10 in Polearms
   152 | D        | Killed a wraith
   153 | D        | Reached skill level 12 in Polearms
   153 | D        | Reached XP level 6. HP: 41/63 MP: 5/5
   156 | D        | Killed a wyvern
   157 | D        | Reached XP level 7. HP: 28/71 MP: 6/6
   160 | D        | Reached skill level 13 in Polearms
   163 | D        | Reached skill level 10 in Fighting
   163 | D        | Reached skill level 10 in Armour
   165 | D        | Killed a vampire mosquito
   166 | D        | Reached skill level 14 in Polearms
   342 | D        | Noticed a troll
   342 | D        | Noticed a centaur warrior
   342 | D        | Noticed a two-headed ogre
   342 | D        | Noticed a centaur warrior
   342 | D        | Noticed a wraith
   345 | D        | Killed a wraith
   361 | D        | Killed a centaur warrior
   362 | D        | Reached skill level 16 in Polearms
   362 | D        | Reached XP level 8. HP: 57/83 MP: 7/7
   368 | D        | Killed a two-headed ogre
   369 | D        | Reached skill level 17 in Polearms
   369 | D        | Reached XP level 9. HP: 52/92 MP: 8/8
   373 | D        | Killed a centaur warrior
   374 | D        | Reached skill level 18 in Polearms
   375 | D        | Killed a troll
   633 | D        | Noticed a cane toad
   649 | D        | Reached skill level 19 in Polearms
   658 | D        | Reached XP level 10. HP: 70/104 MP: 9/9
   660 | D        | Killed a cane toad
   751 | D        | Noticed a black mamba
   752 | D        | Noticed a cane toad
   756 | D        | Killed a black mamba
   761 | D        | Reached skill level 20 in Polearms
   770 | D        | Reached skill level 15 in Fighting
   770 | D        | Reached skill level 15 in Armour
   777 | D        | Killed a cane toad
   886 | D        | Reached skill level 21 in Polearms
  1028 | D        | Noticed Gastronok
  1041 | D        | Killed Gastronok
  1042 | D        | Reached XP level 11. HP: 89/115 MP: 10/10
  1150 | D        | Reached skill level 22 in Polearms
  1279 | D        | Noticed an orc high priest
  1344 | D        | HP: 2/116 [orange demon[an orc high priest] (12)]
  1346 | D        | Killed an orc high priest
  1768 | D        | Found Zoniseobb's Assorted Antiques.
  1768 | D        | Noticed an orc knight
  1768 | D        | Noticed an orc knight
  1770 | D        | Noticed an orc knight
  1782 | D        | Killed an orc knight
  1790 | D        | Killed an orc knight
  1791 | D        | Reached skill level 23 in Polearms
  1798 | D        | Killed an orc knight
  1810 | D        | Found Ceror's Antique Armour Shop.
  1811 | D        | Noticed an orc knight
  1834 | D        | Killed an orc knight
  1841 | D        | Found Badwul's Assorted Antiques.
  1845 | D        | Found Qutebb's Jewellery Shop.
  1847 | D        | Noticed an orc knight
  1848 | D        | Noticed an orc knight
  1850 | D        | Noticed an orc knight
  1865 | D        | Killed an orc knight
  1872 | D        | Killed an orc knight
  1878 | D        | Killed an orc knight
  1879 | D        | Reached skill level 24 in Polearms
  2203 | D        | Noticed Sonja
  2218 | D        | Killed Sonja
  2539 | D        | Bought 2 potions of curing for 114 gold pieces
  2539 | D        | Bought a scroll of blinking for 142 gold pieces
  2539 | D        | Bought a scroll of identify for 38 gold pieces
  2539 | D        | Bought a scroll of identify for 38 gold pieces
  2539 | D        | Bought a moonstone ring for 95 gold pieces
  2543 | D        | Bought a potion of curing for 84 gold pieces
  2543 | D        | Bought a potion of might for 112 gold pieces
  2543 | D        | Bought a shimmering steel ring for 140 gold pieces
  2543 | D        | Identified the ring "Pepess" {rPois Will+ rCorr Str-5
                  | Stlth-} (You bought it in a shop in the Dungeon)
  2543 | D        | Bought a phial of floods for 1120 gold pieces
  2572 | D        | Bought an iridescent glaive for 264 gold pieces
  2572 | D        | Identified the +3 glaive "Beuj" {drain, rElec rN+++ Will-
                  | Dex+3} (You bought it in a shop in the Dungeon)
  2572 | D        | Bought a glowing glaive for 218 gold pieces
  2575 | D        | Bought a vibrating lapis lazuli ring for 135 gold pieces
  2575 | D        | Identified the ring of Kafudgho {Ice rPois} (You bought it
                  | in a shop in the Dungeon)
  2575 | D        | Bought a brass wand for 108 gold pieces
  2580 | D        | Bought a +0 pair of boots of rampaging for 207 gold pieces
  2583 | D        | Bought a runed glaive for 275 gold pieces
  2664 | D        | Noticed Erolcha
  2668 | D        | Killed Erolcha
  2677 | D        | Noticed Psyche
  2682 | D        | Killed Psyche
  2949 | D        | Noticed a cyan ugly thing
  2949 | D        | Noticed a catoblepas
  2949 | D        | Noticed a centaur warrior
  2949 | D        | Noticed an occultist
  2951 | D        | Killed an occultist
  2954 | D        | Killed a centaur warrior
  2955 | D        | Reached XP level 12. HP: 128/128 MP: 11/11
  2957 | D        | Noticed a death knight
  2957 | D        | Noticed a boulder beetle
  2959 | D        | Noticed a spark wasp
  2968 | D        | Killed a catoblepas
  2969 | D        | Reached skill level 25 in Polearms
  2979 | D        | Noticed a tengu warrior
  2979 | D        | Killed a boulder beetle
  2991 | D        | Killed a death knight
  2999 | D        | HP: 4/130 [spark wasp (17)]
  2999 | D        | Slain by a spark wasp

Illustrated notes

Levels and vault maps discovered:
D:        linesprint [early_d, line_temple, items_1, d_10, items_2, lair_1,
          lair_end, items_3, orc_1, orc_end, items_4, d_15, swamp_1, shoals_1,
          snake_1, spider_1, d_20, vaults_1, items_5, swamp_end, shoals_end,
          snake_end, spider_end, vaults_end, d_27, items_6, zot_1, zot_end,
          crypt_end, forest_end, elf_end, slime_end, tomb_end, abyss_end,
          pan_hell_end]

Skill      XL: |  1  2  3  4  5  6  7  8  9 10 11 12 |
---------------+-------------------------------------+-----
Polearms       | 4 6 8 12 16 17 19 21 24 25 | 25.6
Fighting       | 4 5 6 7 9 12 14 16 18 19 | 19.1
Armour         | 4 5 6 7 9 12 14 16 18 19 | 19.1
Shields        | |  3.6

Action                     |  1- 3 |  4- 6 |  7- 9 | 10-12 || total
---------------------------+-------+-------+-------+-------++-------
  Melee: Trident           |    33 |     5 |       |       ||    38
         Headbutt          |     2 |     5 |    11 |    57 ||    75
         Halberd           |       |    17 |    70 |   240 ||   327
         Glaive            |       |       |       |    41 ||    41
 Invoke: Call Merchant     |       |       |       |     5 ||     5
    Use: Potion            |     1 |       |       |    11 ||    12
   Stab: Distracted        |       |       |     1 |     3 ||     4
         Petrified         |       |       |       |     5 ||     5
         Petrifying        |       |       |       |     1 ||     1
 Armour: Scale mail        |    17 |     2 |       |       ||    19
         Chain mail        |       |    10 |    54 |    93 ||   157
         Plate armour      |       |       |       |    47 ||    47
         Storm dragon scal |       |       |       |    20 ||    20
  Dodge: Dodged            |    10 |     8 |    20 |    78 ||   116
  Block: Buckler           |     5 |       |       |       ||     5
